 Dungeon Crawl Stone Soup version 0.25.1-2-g60ff931df9 (webtiles) character file.

Game seed: 5289933059252173427

1370 DerDa the Magician (level 8, -15/58 HPs)
             Began as a Gnoll Wanderer on Aug 23, 2020.
             Was a Follower of Okawaru.
             Killed from afar by Maggie (27 damage)
             ... with a bolt of fire
             ... on level 6 of the Dungeon.
             The game lasted 00:23:17 (10674 turns).

DerDa the Magician (Gnoll Wanderer)                Turns: 10674, Time: 00:23:18

Health: -15/58     AC:  8    Str: 14    XL:     8   Next: 65%
Magic:  17/17      EV: 12    Int: 20    God:    Okawaru [*.....]
Gold:   178        SH:  0    Dex: 12    Spells: 15/19 levels left

rFire    . . .     SeeInvis .   H - +2 trident (vamp)
rCold    + + .     Gourm    .   (no shield)
rNeg     . . .     Faith    .   N - +0 ring mail {rC+}
rPois    .         Spirit   .   l - +0 helmet
rElec    .         Reflect  .   (no cloak)
rCorr    +         Harm     .   O - +0 pair of gloves
MR       .....                  (no boots)
Stlth    ++........             (no amulet)
HPRegen  0.19/turn              G - ring of protection from cold
MPRegen  0.15/turn              J - ring of resist corrosion

@: mesmerised
A: distributed training, fangs 1, strong nose
a: Heroism, Renounce Religion


You were on level 6 of the Dungeon.
You worshipped Okawaru.
Okawaru was aware of your devotion.
You were hungry.

You visited 2 branches of the dungeon, and saw 7 of its levels.
You also visited: Sewer.

You collected 178 gold pieces.

Inventory:

Hand Weapons
 a - a +2 mace of protection
 s - a +0 hand crossbow
 F - a +0 falchion of freezing
 H - a +2 vampiric trident (weapon)
 I - a +3 rapier
 M - a +1 rapier of venom
Missiles
 h - 39 sling bullets
 j - 3 javelins
 r - 8 poisoned darts (quivered)
 u - 16 bolts
Armour
 d - a +0 robe
 g - a +1 leather armour of magic resistance
 l - a +0 helmet (worn)
 p - a +0 kite shield
 N - a +0 ring mail of cold resistance (worn)
 O - a +0 pair of gloves (worn)
Jewellery
 G - a ring of protection from cold (left hand)
 J - a ring of resist corrosion (right hand)
 K - an uncursed ring of protection from fire
Wands
 b - a wand of paralysis (7)
 B - a wand of acid (7)
 E - a wand of clouds (12)
Scrolls
 e - 6 scrolls of enchant armour
 q - 3 scrolls of amnesia
 w - 3 scrolls of teleportation {unknown}
 x - a scroll of fear
 y - 2 scrolls of remove curse
 z - a scroll of immolation {unknown}
 C - a scroll of blinking {unknown}
 L - a scroll of enchant weapon {unknown}
 P - a scroll of identify
Potions
 i - 4 potions of lignification {unknown}
 k - 2 potions of cancellation {unknown}
 m - 4 potions of curing
 n - a potion of magic {unknown}
 o - 2 potions of haste
 t - 3 potions of might {unknown}
 v - a potion of berserk rage {unknown}
 A - 2 potions of degeneration {unknown}
 D - a potion of heal wounds {unknown}
Comestibles
 c - 7 chunks of flesh
 f - 9 rations


   Skills:
 + Level 3.4 Fighting
 + Level 3.4 Short Blades
 + Level 5.7 Long Blades
 + Level 3.4 Axes
 + Level 3.4 Maces & Flails
 + Level 3.4 Polearms
 + Level 3.4 Staves
 + Level 3.4 Slings
 + Level 3.4 Bows
 + Level 3.4 Crossbows
 + Level 3.4 Throwing
 + Level 3.4 Armour
 + Level 4.3 Dodging
 + Level 3.4 Stealth
 + Level 3.4 Shields
 + Level 3.4 Unarmed Combat
 + Level 6.1 Spellcasting
 + Level 4.7 Conjurations
 + Level 2.7 Hexes
 + Level 2.7 Charms
 + Level 2.7 Summonings
 + Level 2.7 Necromancy
 + Level 2.7 Translocations
 + Level 2.7 Transmutations
 + Level 3.5 Fire Magic
 + Level 2.7 Ice Magic
 + Level 2.7 Air Magic
 + Level 2.7 Earth Magic
 + Level 2.7 Poison Magic
 + Level 3.7 Invocations
 + Level 5.7 Evocations


You had 15 spell levels left.
You knew the following spells:

 Your Spells              Type           Power        Failure   Level  Hunger
a - Summon Butterflies    Summ           ###.....     7%          1    None
b - Call Canine Familiar  Summ           ###.....     21%         3    ##.....

Your spell library contained the following spells:

 Spells                   Type           Power        Failure   Level  Hunger


Dungeon Overview and Level Annotations

Branches:
Dungeon (6/15)             Temple (1/1) D:5           Sewer (visited)

Altars:
Ashenzari
Cheibriados
Dithmenos
Elyvilon
Fedhas
Gozag
Hepliaklqana
Nemelex Xobeh
Okawaru
Qazlal
Ru
Sif Muna
Uskayaw
Vehumet
Wu Jian
Xom
Yredelemnul
Zin
The Shining One

Shops:
D:4 %

Annotations:
D:6 Maggie


Innate Abilities, Weirdness & Mutations

Your experience applies equally to all skills.
You have very sharp teeth.
Your uncanny sense of smell can sniff out nearby items.


Message History

You are mesmerised by Maggie!
Evoke which item? (* to show all) (? for menu, Esc to quit)
Aiming: Cloud Cone
Press: ? - help, Dir - move target cursor, f - orc priest, p - orc warrior
Aim: an orc priest, wearing a +0 leather armour You create a blast of poison gas!
The orc warrior is poisoned.
The orc priest is engulfed in poison gas.
The orc priest is poisoned.
Maggie is engulfed in poison gas.
Maggie is poisoned.
Maggie smiles, but it's obviously fake.
Maggie hits you with a +0 war axe.
* * * LOW HITPOINT WARNING * * *
You hit Maggie but do no damage.
Maggie is lightly wounded.
The orc warrior is engulfed in poison gas.
The orc warrior looks even sicker.
The orc priest looks even sicker.
Maggie is engulfed in poison gas.
Maggie looks even sicker.
Maggie gestures at you while chanting. The bolt of fire hits you!!
You die...

##.# #..## #.#
##..## #.## #...#
#..# #.#.# ##.#
#§#§# #.##### #§§§#
#(()).## ##o.##
#####..# #@o.##
###÷#####@#..# ∆
.##.....#......#
................#
##................#
..................#
##................^#
##................#
#................#
#................#


You could see Maggie (mesmerising, very poisoned), an orc warrior (very
poisoned) and an orc priest (very poisoned).

Vanquished Creatures
  A water moccasin (D:5)
  An ice beast (D:4)
  A phantom (D:6)
  A bullfrog (D:6)
  A water moccasin zombie (D:6)
  A scorpion (D:4)
  A howler monkey (D:5)
  2 bullfrog zombies
  A crimson imp (D:5)
  3 centaur zombies (D:5)
  A hound (D:6)
  Ijyb (D:4)
  2 centaur skeletons (D:4)
  An iguana (D:6)
  3 orc wizards
  2 worker ants (D:4)
  A hound zombie (D:5)
  2 worker ant zombies (D:5)
  7 gnolls
  A howler monkey skeleton (D:5)
  12 adders
  2 shadow imps
  An ooze (D:1)
  2 adder skeletons
  2 adder zombies (D:5)
  2 worms (D:2)
  8 dart slugs
  9 leopard geckos
  23 orcs
  2 ball pythons (Sewer)
  9 bats
  4 giant cockroaches
  10 goblins
  11 hobgoblins
  9 jackals
  A quokka (D:2)
  A ball python skeleton (D:4)
  7 frilled lizards
  A giant cockroach zombie (D:5)
  A jackal zombie (D:5)
  9 kobolds
  A leopard gecko skeleton (D:5)
  3 rats (D:1)
  6 plants (Sewer)
170 creatures vanquished.

Vanquished Creatures (others)
  A bat (D:2)
1 creature vanquished.

Grand Total: 171 creatures vanquished

Notes
Turn   | Place    | Note
-------+----------+-------------------------------------------
     0 | D:1      | DerDa the Gnoll Wanderer began the quest for the Orb.
     0 | D:1      | DerDa set off with the following items: a +0 short sword, a
                  | wand of paralysis (15), a +0 robe, a ration; and the
                  | following spell memorised: Summon Butterflies; and the
                  | following spells available to memorise: Call Canine
                  | Familiar
     0 | D:1      | Reached XP level 1. HP: 13/13 MP: 6/6
   178 | D:1      | Reached XP level 2. HP: 19/19 MP: 7/7
   774 | D:1      | HP: 1/20 [hobgoblin/+0 club (4)]
   847 | D:1      | Reached XP level 3. HP: 6/25 MP: 9/9
  1323 | D:1      | Reached skill level 5 in Spellcasting
  1507 | D:1      | Reached skill level 1 in Invocations
  2033 | D:2      | Reached skill level 1 in Fighting
  2033 | D:2      | Reached skill level 1 in Short Blades
  2033 | D:2      | Reached skill level 1 in Axes
  2033 | D:2      | Reached skill level 1 in Maces & Flails
  2033 | D:2      | Reached skill level 1 in Polearms
  2033 | D:2      | Reached skill level 1 in Staves
  2033 | D:2      | Reached skill level 1 in Slings
  2033 | D:2      | Reached skill level 1 in Bows
  2033 | D:2      | Reached skill level 1 in Crossbows
  2033 | D:2      | Reached skill level 1 in Throwing
  2033 | D:2      | Reached skill level 1 in Armour
  2033 | D:2      | Reached skill level 1 in Stealth
  2033 | D:2      | Reached skill level 1 in Shields
  2033 | D:2      | Reached skill level 1 in Unarmed Combat
  2247 | D:2      | Found a glowing golden altar of the Shining One.
  2332 | D:2      | Reached XP level 4. HP: 23/32 MP: 11/11
  2805 | D:2      | Reached skill level 1 in Hexes
  2805 | D:2      | Reached skill level 1 in Charms
  2805 | D:2      | Reached skill level 1 in Summonings
  2805 | D:2      | Reached skill level 1 in Necromancy
  2805 | D:2      | Reached skill level 1 in Translocations
  2805 | D:2      | Reached skill level 1 in Transmutations
  2805 | D:2      | Reached skill level 1 in Ice Magic
  2805 | D:2      | Reached skill level 1 in Air Magic
  2805 | D:2      | Reached skill level 1 in Earth Magic
  2805 | D:2      | Reached skill level 1 in Poison Magic
  2830 | D:1      | Reached XP level 5. HP: 9/37 MP: 12/12
  3525 | D:2      | Found a sparkling altar of Nemelex Xobeh.
  3660 | D:2      | Learned a level 3 spell: Call Canine Familiar
  5256 | D:4      | Found a glowing drain.
  5300 | D:4      | Reached XP level 6. HP: 16/44 MP: 13/13
  5316 | Sewer    | Entered a sewer
  7017 | D:4      | Noticed an ice beast
  7021 | D:4      | Noticed Ijyb
  7034 | D:4      | Killed an ice beast
  7034 | D:4      | Reached skill level 5 in Long Blades
  7034 | D:4      | Reached skill level 5 in Evocations
  7046 | D:4      | Killed Ijyb
  7310 | D:4      | Reached XP level 7. HP: 15/50 MP: 15/15
  8009 | D:4      | Found Fyplev's Food Emporium.
  8022 | D:4      | Found a snail-covered altar of Cheibriados.
  8551 | D:5      | Entered Level 5 of the Dungeon
  9041 | D:5      | Found a staircase to the Ecumenical Temple.
  9049 | Temple   | Entered the Ecumenical Temple
  9171 | Temple   | Became a worshipper of Warmaster Okawaru
  9290 | D:5      | Reached XP level 8. HP: 8/57 MP: 16/16
  9703 | D:5      | Found a shimmering blue altar of Sif Muna.
 10219 | D:6      | Reached * piety under Okawaru
 10219 | D:6      | Reached skill level 6 in Spellcasting
 10648 | D:6      | Noticed Maggie
 10674 | D:6      | Killed from afar by Maggie

Illustrated notes

Levels and vault maps discovered:
D:1:      minmay_arrival_diagonal_passages, layout_basic, st_stairs_8
D:2:      layout_rooms, nemelex_xobeh_ov_fountains_minmay,
          nicolae_tso_swordbearing_angel
D:3:      layout_basic
D:4:      layout_gridville, kennysheep_slug_shrine, first_ration, serial_shops,
          shop, portal_sewer_entry_f, minmay_box_of_dots, uniq_ijyb
D:5:      layout_loops_ring, overflow_temple_1_default,
          minmay_temple_entry_sparse_star, serial_undead, serial_undead_c,
          serial_undead_c, serial_undead_b, serial_undead_c, serial_undead_b,
          serial_undead_c, serial_undead_f
D:6:      layout_rooms, kennysheep_mini_moat, uniq_maggie
Temple:   compressed_dpeg_circular_temple

Skill      XL: |  1  2  3  4  5  6  7  8 |
---------------+-------------------------+-----
Fire Magic     | 2 3 |  3.5
Spellcasting   | 5 6 |  6.1
Invocations    | 1 2 3 |  3.7
Fighting       | 1 2 3 |  3.4
Short Blades   | 1 2 3 |  3.4
Axes           | 1 2 3 |  3.4
Maces & Flails | 1 2 3 |  3.4
Polearms       | 1 2 3 |  3.4
Staves         | 1 2 3 |  3.4
Slings         | 1 2 3 |  3.4
Bows           | 1 2 3 |  3.4
Crossbows      | 1 2 3 |  3.4
Throwing       | 1 2 3 |  3.4
Armour         | 1 2 3 |  3.4
Stealth        | 1 2 3 |  3.4
Shields        | 1 2 3 |  3.4
Unarmed Combat | 1 2 3 |  3.4
Hexes          | 1 2 |  2.7
Charms         | 1 2 |  2.7
Summonings     | 1 2 |  2.7
Necromancy     | 1 2 |  2.7
Translocations | 1 2 |  2.7
Transmutations | 1 2 |  2.7
Ice Magic      | 1 2 |  2.7
Air Magic      | 1 2 |  2.7
Earth Magic    | 1 2 |  2.7
Poison Magic   | 1 2 |  2.7
Dodging        | 3 4 |  4.3
Conjurations   | 4 |  4.7
Long Blades    | 5 |  5.7
Evocations     | 5 |  5.7

Action                   |  1- 3 |  4- 6 |  7- 9 || total
-------------------------+-------+-------+-------++-------
Melee: Short sword       |   121 |   121 |       ||   242
       Bite              |    12 |   105 |    46 ||   163
       Falchion          |       |   611 |   183 ||   794
       Punch             |       |     8 |     4 ||    12
       Trident           |       |       |   144 ||   144
Throw: Dart              |    25 |    78 |       ||   103
       Javelin           |     9 |     8 |       ||    17
 Cast: Summon Butterflie |     3 |       |       ||     3
Evoke: Wand              |       |     7 |     2 ||     9
  Use: Scroll            |       |     7 |     2 ||     9
 Stab: Sleeping          |       |     2 |     2 ||     4
       Paralysed         |       |    19 |     4 ||    23
       Distracted        |       |       |     1 ||     1
  Eat: Chunk             |     3 |    13 |     7 ||    23
       Ration            |       |     2 |     1 ||     3
Armor: Robe              |     9 |       |       ||     9
       Leather armour    |    29 |   111 |    43 ||   183
       Ring mail         |       |       |    21 ||    21
Dodge: Dodged            |   102 |   251 |   251 ||   604
       Rpst.: Falchion   |       |    54 |    45 ||    99
